 Dungeon Crawl Stone Soup version 0.30-a0-883-g5ad918d77d (webtiles) character file.

Game seed: 10484471163470522880

5911 Sanktem7 the Cleaver (level 10, 0/91 HPs)
             Began as a Minotaur Fighter on Mar 16, 2023.
             Was a Believer of the Shining One.
             Slain by a starcursed mass (6 damage)
             ... on level 3 of the Abyss.
             The game lasted 00:16:05 (7774 turns).

Sanktem7 the Cleaver (Minotaur Fighter)             Turns: 7774, Time: 00:16:06

Health: 0/91       AC: 21    Str: 25    XL:     10   Next: 53%
Magic:  8/8        EV: 12    Int:  5    God:    the Shining One [**....]
Gold:   440        SH: 11    Dex: 10    Spells: 9/9 levels left

rFire   . . .      SeeInvis .    o - +0 war axe (protect) {axe}
rCold   . . .      Faith    .    c - +0 buckler
rNeg    + . .      Spirit   .    H - +0 plate armour
rPois   .          Reflect  +    I - +0 hat
rElec   .          Rampage  .    y - +2 cloak
rCorr   .                        x - +1 pair of gloves
Will    .....                    F - +0 pair of boots Stlth
                                 L - amulet of reflection
HPRegen 0.00/turn                j - ring of flight
MPRegen 0.11/turn                O - +5 ring of evasion

@: about to teleport, sick, flying, glowing
A: horns 2, retaliatory headbutt, hooves 1, low MP 1
a: Renounce Religion, Divine Shield


You were on level 3 of the Abyss.
You worshipped the Shining One.
The Shining One was pleased with you.
You visited 1 branch of the dungeon, and saw 9 of its levels.
You visited the Abyss 1 time.

You collected 440 gold pieces.


Innate Abilities, Weirdness & Mutations

You have a pair of horns on your head.
You reflexively headbutt those who attack you in melee.
You have large cloven feet.
Your magical capacity is low. (-10% MP)


   Skills:
 + Level 9.1 Fighting
 * Level 11.9 Axes
 + Level 3.6 Throwing
 + Level 9.0 Armour
 + Level 9.1 Shields


You had 9 spell levels left.
You didn't know any spells.
Your spell library contained the following spells:

 Spells                   Type           Power      Damage    Failure   Level
 Freeze                   Ice            0%         1d3       100%        1
 Slow                     Hex            0%         N/A       100%        1
 Blink                    Tloc           0%         N/A       100%        2
 Lesser Beckoning         Tloc           0%         N/A       100%        2
 Momentum Strike          Conj/Tloc      0%         3d8       100%        2
 Confusing Touch          Hex            0%         N/A       100%        3
 Frozen Ramparts          Ice            0%         1d1       100%        3
 Hailstorm                Conj/Ice       0%         3d3       100%        3
 Kindle Blastsparks       Fire/Tloc/Air  0%         2d10      100%        3
 Portal Projectile        Hex/Tloc       0%         N/A       100%        3
 Stone Arrow              Conj/Erth      0%         3d7       100%        3
 Summon Guardian Golem    Hex/Summ       0%         N/A       100%        3
 Tukima's Dance           Hex            0%         N/A       100%        3
 Vampiric Draining        Necr           0%         2d6       100%        3
 Animate Armour           Summ/Erth      0%         N/A       100%        4
 Blade Hands              Tmut           0%         N/A       100%        5
 Summon Forest            Summ/Tloc      0%         N/A       100%        5
 Summon Mana Viper        Hex/Summ       0%         N/A       100%        5
 Summon Cactus Giant      Summ           0%         N/A       100%        6
 Lehudib's Crystal Spear  Conj/Erth      0%         10d2      100%        8

Inventory:

Hand Weapons
 f - a +1 dagger of venom {short}
   (You took it off a goblin on level 1 of the Dungeon)
 o - a +0 war axe of protection (weapon) {axe}
   (You took it off an orc on level 5 of the Dungeon)
 t - a +2 dagger of freezing {short}
   (You took it off a goblin on level 2 of the Dungeon)
Missiles
 e - 115 stones (quivered) {throwing}
 l - 3 javelins {throwing}
 q - 18 boomerangs {throwing}
 E - 9 poisoned darts {throwing}
Armour
 c - a +0 buckler (worn)
 x - a +1 pair of gloves (worn)
   (You found it on level 3 of the Dungeon)
 y - a +2 cloak (worn)
   (You found it on level 8 of the Dungeon)
 F - a +0 pair of boots (worn)
   (You found it on level 4 of the Dungeon)
 H - a +0 plate armour (worn)
   (You found it on level 5 of the Dungeon)
 I - a +0 hat (worn)
   (You found it on level 6 of the Dungeon)
Jewellery
 j - a ring of flight (left hand)
   (You found it on level 1 of the Dungeon)
 L - an amulet of reflection (around neck)
   (You found it on level 7 of the Dungeon)
 O - a +5 ring of evasion (right hand)
   (You found it on level 8 of the Dungeon)
Wands
 A - a wand of flame (17)
   (You found it on level 8 of the Dungeon)
 G - a wand of iceblast (11)
   (You found it on level 4 of the Dungeon)
Scrolls
 a - 2 scrolls of vulnerability {!r!r}
 g - 2 scrolls of fear
 h - a scroll of teleportation {@r4}
 i - a scroll of blinking {!r}
Potions
 b - a potion of cancellation {unknown}
 d - 3 potions of might
 k - 4 potions of curing {@q1}
 r - 3 potions of haste {@q3}
 s - 2 potions of lignification {!q}
 w - 2 potions of invisibility
 z - 2 potions of heal wounds {unknown}
 B - a potion of attraction {unknown}
 C - a potion of ambrosia {unknown}
 N - 2 potions of flight {unknown}

Dungeon Overview and Level Annotations

Branches:
Dungeon (9/15) Zot: 26686  Temple (0/1) D:6
   Lair: D:8-11         Orc: D:9-12

Altars:
Cheibriados
Elyvilon
Hepliaklqana
Makhleb
Okawaru
Sif Muna
Trog
Uskayaw
Vehumet
Wu Jian
Xom
The Shining One

Annotations:
D:9 Erolcha

#...###...#..#.
#...##.##.#.... # ##
##......#.....# #. #.##
#.#.##X#.#.#.##. ..
...##.#.h.#.#......#
#.##.#....#....#.#..#
#......x#X.#.....
#..#.#X#.X.#.##.. ....
#.....@x2##.#.##h...#..
##....#.≈.###.#.#.### #
.....#.##~#.# ####..#
.... #. #.#≈≈. .### #≈.
.. ~## ~~~. . .§ #. #
~.≈# # § .. #.~# .. #♣~


You could see 3 starcursed masses, an ancient zyme, a large abomination, a
hellion, a raiju and a small abomination.


Message History

You take 2 damage, and now have 78/91 hp.
You hit the vampire but do no damage.
Your weapon exudes an aura of protection.
You hit the ancient zyme. You block the vampire's attack.
The vampire bites you but does no damage.
A hellion comes into view.
You block the ancient zyme's attack. The ancient zyme closely misses you.
You feel ill.
A large abomination comes into view.
The ancient zyme closely misses you. The ancient zyme barely misses you.
The vampire points at you and mumbles some strange words.
You resist with some effort.
The hellion gives a hideous shriek!
The ancient zyme misses you.
The ancient zyme hits you but does no damage.
The ancient zyme attacks as you move away!
You block the ancient zyme's attack.
The ancient zyme hits you but does no damage.
You feel ill. You block the ancient zyme's attack.
The ancient zyme hits you but does no damage.
A raiju comes into view.
You block the ancient zyme's attack.
The ancient zyme hits you but does no damage.
The ancient zyme attacks as you move away!
You block the ancient zyme's attack. The ancient zyme barely misses you.
The raiju barks!
The vampire gestures wildly while chanting.
The vampire flickers and vanishes!
Deactivating autopickup; reactivate with Ctrl-A.
A starcursed mass comes into view.
The ancient zyme misses you. You furiously retaliate!
You headbutt the ancient zyme. The ancient zyme closely misses you.
The large abomination hits you!
A starcursed mass splits. 😮 HP[-10]
You take 10 damage, and now have 68/91 hp.
The large abomination attacks as you move away!
You block the large abomination's attack.
A starcursed mass splits.
The freezing wraith hits you but does no damage.
You block the freezing wraith's attack. The vampire closely misses you.
You block the vampire's attack.
The small abomination hits you. 😮 HP[-6]
You take 6 damage, and now have 62/91 hp.
The small abomination attacks as you move away!
The small abomination hits you but does no damage.
The freezing wraith attacks as you move away!
You block the freezing wraith's attack. The freezing wraith hits you.
The freezing wraith drains your vigour!
You feel yourself slow down. The small abomination hits you!
* * * LOW HITPOINT WARNING * * *
😨 HP[-22]
You take 22 damage, and now have 40/91 hp.
MASSIVE DAMAGE!! (PAUSE)
Okay, then.
As you read the scroll of teleportation {@r4}, it crumbles to dust.
You feel strangely unstable.
You feel the power of the Abyss delaying your translocation!
You block the vampire's attack. x2; The small abomination hits you.
* * * LOW HITPOINT WARNING * * *
You feel ill.
The vampire hits you but does no damage.
The vampire bites you.
* * * LOW HITPOINT WARNING * * *
The vampire draws strength from your injuries! 😨 HP[-6]
You take 6 damage, and now have 34/91 hp.
The small abomination hits you.
* * * LOW HITPOINT WARNING * * *
You feel ill. x2; The small abomination hits you!
* * * LOW HITPOINT WARNING * * *
A chorus of shrieks assaults your mind.
* * * LOW HITPOINT WARNING * * *
😱 HP[-16]
You take 16 damage, and now have 18/91 hp.
The vampire attacks as you move away!
The vampire hits you but does no damage.
The vampire bites you but does no damage.
The small abomination attacks as you move away!
The small abomination hits you!
* * * LOW HITPOINT WARNING * * *
You block the small abomination's attack. 😱 HP[-7]
You take 7 damage, and now have 11/91 hp.
You feel yourself speed up.
The small abomination completely misses you.
You furiously retaliate!
You headbutt the small abomination.
You feel ill.
The small abomination attacks as you move away!
The small abomination misses you.
You feel ill. A chorus of shrieks assaults your mind.
* * * LOW HITPOINT WARNING * * *
😱 HP[-5]
You take 5 damage, and now have 6/91 hp.
The small abomination attacks as you move away!
The small abomination misses you.
The starcursed mass attacks as you move away!
The starcursed mass touches you.
You die...

Skill      XL: |  1  2  3  4  5  6  7  8  9 10 |
---------------+-------------------------------+-----
Axes           | 3 5 6 7 9 11 | 11.9
Fighting       | 4 5 6 7 8 9 |  9.1
Armour         | 4 5 6 7 8 9 |  9.0
Shields        | 4 5 6 7 8 9 |  9.1
Throwing       | 2 3 |  3.6

Action                     |  1- 3 |  4- 6 |  7- 9 | 10-12 || total
---------------------------+-------+-------+-------+-------++-------
  Melee: War axe           |   110 |    78 |   169 |    61 ||   418
         Headbutt          |    16 |    14 |    25 |    15 ||    70
    Use: Scroll            |       |       |    15 |     2 ||    17
         Potion            |       |       |     3 |       ||     3
 Armour: Scale mail        |    48 |       |       |       ||    48
         Chain mail        |    18 |    37 |       |       ||    55
         Plate armour      |       |       |   150 |    58 ||   208
  Dodge: Dodged            |    52 |    32 |   114 |    49 ||   247
  Block: Buckler           |    30 |    11 |    68 |    54 ||   163
         Reflection        |       |       |       |     2 ||     2

Levels and vault maps discovered:
D:1:      zelgadis_glass_arrival_small, layout_basic, minmay_close_crescents
D:2:      minmay_angry_zag, layout_basic, basic_altar, basic_ecumenical_altar
D:3:      layout_loops_corners, ebering_ghost_reflecting_pool, uniq_sigmund
D:4:      layout_rooms, nicolae_hepliaklqana_hazy_memory
D:5:      layout_basic, lemuel_blue_sif_altar, jmf_multi_god_temple2,
          uniq_blork_the_orc, uniq_menkaure
D:6:      layout_loops_cross, bloody_trog, minmay_temple_entry_enclosed_plants
D:7:      layout_cave_pools, xom_teletrap_fun, hangedman_decor_growths,
          nicolae_benzene_ring, uniq_maggie
D:8:      layout_basic, chei_slow_surprise, eat_drink_and_be_merry_uskayaw,
          okawaru_metal_pillars_1_2
D:9:      layout_long_grid, mainiacjoe_overflow_boulevard, elyvilon_altar_5,
          overflow_temple_1_default, uniq_erolcha
Abyss:3:  base: D:3, minivault_5, evilmike_abyss_exit_15,
          eino_small_chamber_without_monster, evilmike_abyss_exit_glass,
          hangedman_decor_lopped

Notes
Turn   | Place    | Note
-------+----------+-------------------------------------------
     0 | D:1      | Sanktem7 the Minotaur Fighter began the quest for the Orb.
     0 | D:1      | Reached XP level 1. HP: 19/19 MP: 0/0
     0 | D:1      | magus.rc [v1.9.6]
    71 | D:1      | Reached XP level 2. HP: 27/27 MP: 1/1
    87 | D:1      | Reached skill level 3 in Axes
   294 | D:1      | Reached skill level 4 in Fighting
   296 | D:1      | Reached XP level 3. HP: 30/33 MP: 2/2
   299 | D:1      | Reached skill level 4 in Armour
   299 | D:1      | Reached skill level 4 in Shields
   384 | D:1      | You pick up a book of Armaments and begin reading...
   384 | D:1      | You add the spells Stone Arrow, Animate Armour and
                  | Lehudib's Crystal Spear to your library.
   997 | D:2      | Found a faded altar of an unknown god.
  1236 | D:2      | Found an ornate altar of the Wu Jian Council.
  1291 | D:2      | Reached XP level 4. HP: 40/40 MP: 3/3
  1544 | D:2      | Reached skill level 4 in Axes
  1559 | D:2      | You pick up a book of Weapons and begin reading...
  1559 | D:2      | You add the spells Tukima's Dance, Portal Projectile and
                  | Blade Hands to your library.
  1983 | D:3      | Noticed Sigmund
  1991 | D:3      | Killed Sigmund
  1992 | D:3      | Reached skill level 5 in Axes
  1992 | D:3      | Reached XP level 5. HP: 24/47 MP: 4/4
  2110 | D:3      | Found a runed translucent door.
  2115 | D:3      | Noticed Sweetruy1997's ghost (amateur TrFi)
  2772 | D:3      | HP: 3/47 [Sweetruy1997's ghost (10)]
  2776 | D:3      | Killed Sweetruy1997's ghost
  2777 | D:3      | Reached skill level 5 in Fighting
  2777 | D:3      | Reached skill level 5 in Armour
  2777 | D:3      | Reached skill level 5 in Shields
  2777 | D:3      | Reached XP level 6. HP: 5/56 MP: 5/5
  3125 | D:4      | Found a hazy altar of Hepliaklqana.
  3261 | D:4      | Reached skill level 6 in Axes
  3505 | D:4      | Reached XP level 7. HP: 61/61 MP: 6/6
  3657 | D:5      | Entered Level 5 of the Dungeon
  3712 | D:5      | Noticed Menkaure
  3717 | D:5      | HP: 14/61 [Menkaure (19)]
  3719 | D:5      | HP: 6/61 [Menkaure (8)]
  3731 | D:4      | Killed Menkaure
  3944 | D:5      | Found a shimmering blue altar of Sif Muna.
  4339 | D:5      | Found a large runed translucent door.
  4340 | D:5      | Found a large runed translucent door.
  4555 | D:5      | Reached skill level 7 in Axes
  4833 | D:5      | Noticed Blork the orc
  4839 | D:5      | Killed Blork the orc
  4840 | D:5      | Reached skill level 6 in Fighting
  4840 | D:5      | Reached skill level 6 in Armour
  4840 | D:5      | Reached skill level 6 in Shields
  4950 | D:5      | Found a glowing golden altar of the Shining One.
  4960 | D:5      | Found a radiant altar of Vehumet.
  4978 | D:5      | Became a worshipper of the Shining One
  5163 | D:6      | You pick up a book of Spatial Translocations and begin
                  | reading...
  5163 | D:6      | You add the spells Blink, Momentum Strike and Lesser
                  | Beckoning to your library.
  5185 | D:6      | Reached XP level 8. HP: 70/70 MP: 7/7
  5342 | D:6      | Found a bloodstained altar of Trog.
  5360 | D:6      | Reached skill level 8 in Axes
  5516 | D:6      | Found a staircase to the Ecumenical Temple.
  5724 | D:7      | Reached * piety under the Shining One
  5732 | D:7      | Reached skill level 7 in Fighting
  5733 | D:7      | Reached skill level 7 in Armour
  5733 | D:7      | Reached skill level 7 in Shields
  5759 | D:7      | Reached skill level 9 in Axes
  5852 | D:7      | Reached XP level 9. HP: 62/79 MP: 8/8
  5963 | D:7      | Found a shimmering altar of Xom.
  6033 | D:7      | Noticed Maggie
  6039 | D:7      | Killed Maggie
  6139 | D:7      | Reached skill level 10 in Axes
  6624 | D:8      | Found a snail-covered altar of Cheibriados.
  6713 | D:8      | Reached skill level 1 in Throwing
  6729 | D:8      | Noticed a cyclops
  6737 | D:8      | Killed a cyclops
  6738 | D:8      | Reached skill level 8 in Fighting
  6738 | D:8      | Reached skill level 8 in Armour
  6738 | D:8      | Reached skill level 8 in Shields
  6789 | D:8      | Reached skill level 2 in Throwing
  6800 | D:8      | Reached ** piety under the Shining One
  6994 | D:8      | You pick up a book of Frost and begin reading...
  6994 | D:8      | You add the spells Freeze, Frozen Ramparts and Hailstorm to
                  | your library.
  7010 | D:8      | Found a hide-covered altar of Uskayaw.
  7124 | D:8      | You pick up a book of the Wilderness and begin reading...
  7124 | D:8      | You add the spells Summon Forest, Summon Mana Viper and
                  | Summon Cactus Giant to your library.
  7124 | D:8      | You pick up a book of Debilitation and begin reading...
  7124 | D:8      | You add the spells Slow, Vampiric Draining and Confusing
                  | Touch to your library.
  7199 | D:8      | Found an iron altar of Okawaru.
  7214 | D:8      | You add the spells Kindle Blastsparks and Summon Guardian
                  | Golem to your library.
  7214 | D:8      | Got the Precepts of Hindering Peregrination
  7244 | D:8      | Gained mutation: Armour fits poorly on your strangely
                  | shaped body. [potion of mutation]
  7244 | D:8      | Gained mutation: Your spells are a little easier to cast,
                  | but a little less powerful. [potion of mutation]
  7244 | D:8      | Gained mutation: You are vulnerable to heat. (rF-) [potion
                  | of mutation]
  7245 | D:8      | Lost mutation: You are vulnerable to heat. (rF-) [potion of
                  | mutation]
  7245 | D:8      | Lost mutation: Your spells are a little easier to cast, but
                  | a little less powerful. [potion of mutation]
  7245 | D:8      | Gained mutation: You occasionally lose the ability to drink
                  | potions when taking damage. [potion of mutation]
  7245 | D:8      | Lost mutation: You occasionally lose the ability to drink
                  | potions when taking damage. [potion of mutation]
  7245 | D:8      | Gained mutation: Your mind is acute. (Int +4, Str/Dex -1)
                  | [potion of mutation]
  7246 | D:8      | Lost mutation: Armour fits poorly on your strangely shaped
                  | body. [potion of mutation]
  7246 | D:8      | Lost mutation: Your mind is acute. (Int +4, Str/Dex -1)
                  | [potion of mutation]
  7246 | D:8      | Gained mutation: Your magical capacity is low. (-10% MP)
                  | [potion of mutation]
  7246 | D:8      | Gained mutation: You have large cloven feet. [potion of
                  | mutation]
  7266 | D:9      | Found a burning altar of Makhleb.
  7328 | D:9      | Reached skill level 11 in Axes
  7328 | D:9      | Reached XP level 10. HP: 90/90 MP: 8/8
  7465 | D:9      | Found a white marble altar of Elyvilon.
  7545 | D:9      | Noticed a two-headed ogre
  7554 | D:9      | Killed a two-headed ogre
  7555 | D:9      | Reached skill level 3 in Throwing
  7578 | D:9      | Noticed Erolcha
  7580 | D:9      | You are cast into the Abyss!
  7580 | Abyss:2  | Found a corrupted altar of Lugonu.
  7580 | Abyss:2  | Cast into level 2 of the Abyss (Erolcha)
  7625 | Abyss:2  | Noticed a thrashing horror
  7643 | Abyss:2  | Killed a thrashing horror
  7644 | Abyss:2  | Reached skill level 9 in Fighting
  7644 | Abyss:2  | Reached skill level 9 in Shields
  7649 | Abyss:2  | Found a corrupted altar of Lugonu.
  7679 | Abyss:3  | Found a corrupted altar of Lugonu.
  7727 | Abyss:3  | Reached skill level 9 in Armour
  7756 | Abyss:3  | Noticed a large abomination
  7762 | Abyss:3  | Noticed a starcursed mass
  7768 | Abyss:3  | HP: 18/91 [starcursed mass/accursed screaming (6)]
  7773 | Abyss:3  | HP: 6/91 [starcursed mass/accursed screaming (5)]
  7774 | Abyss:3  | Slain by a starcursed mass

Vanquished Creatures
  A two-headed ogre (D:9)
  A thrashing horror (Abyss:2)
  A cyclops (D:8)
  Maggie (D:7)
  A troll (D:9)
  A harpy skeleton (Abyss:3)
  Sigmund (D:3)
  Menkaure (D:4)
  A water moccasin (D:8)
  The ghost of Sweetruy1997 the Shield-Bearer, an amateur TrFi (D:3)
  2 ice beasts
  3 orc warriors
  A sky beast (D:7)
  A centaur (D:9)
  3 ogres
  A kobold brigand (D:8)
  Blork the orc (D:5)
  4 bullfrogs
  10 wights
  2 small abominations (Abyss:3)
  10 killer bees
  2 gnoll boudas
  6 hounds
  4 orc priests
  A sleepcap (D:4)
  An iguana (D:5)
  7 orc wizards
  8 gnolls
  9 adders
  2 shadow imps
  2 white imps
  3 ufetubi
  A worm (D:8)
  5 dart slugs
  19 orcs
  6 endoplasms
  4 giant cockroaches
  9 goblins
  7 hobgoblins
  10 jackals
  16 kobolds
  3 quokkas
  5 ball pythons
  7 bats
  4 frilled lizards
  6 rats
195 creatures vanquished.

Vanquished Creatures (others)
  3 plants (D:4)
3 creatures vanquished.

Grand Total: 198 creatures vanquished

Table legend:
 A = Non-vault XP
 B = Vault XP
 C = Vault XP percentage of total XP
 D = Non-vault monster count
 E = Vault monster count
 F = Vault count percentage of total count
                 A         B        C        D         E       F
            +---------+---------+-------+---------+---------+-------
      Total |    7348 |    1097 |  13.0 |     177 |      18 |   9.2
            +---------+---------+-------+---------+---------+-------
        D:1 |      59 |       8 |  11.9 |      35 |       4 |  10.3
        D:2 |      33 |      20 |  37.7 |      12 |       6 |  33.3
        D:3 |      17 |     356 |  95.4 |      11 |       2 |  15.4
        D:4 |     272 |     183 |  40.2 |      18 |       1 |   5.3
        D:5 |     275 |     140 |  33.7 |      12 |       3 |  20.0
        D:6 |     716 |       0 |   0.0 |      19 |       0 |   0.0
        D:7 |    1369 |     385 |  21.9 |      31 |       1 |   3.1
        D:8 |    1638 |       5 |   0.3 |      20 |       1 |   4.8
        D:9 |    1755 |       0 |   0.0 |      15 |       0 |   0.0
    Abyss:2 |     798 |       0 |   0.0 |       1 |       0 |   0.0
    Abyss:3 |     416 |       0 |   0.0 |       3 |       0 |   0.0
            +---------+---------+-------+---------+---------+-------

Illustrated notes

Table legend:
 A = Kills in this place as a percentage of kills in the entire game.
 B = Kills by you in this place as a percentage of kills by you in the entire game.
 C = Kills by friends in this place as a percentage of kills by friends in the entire game.
 D = Other kills in this place as a percentage of other kills in the entire game.
 E = Experience gained in this place as a percentage of experience gained in the entire game.
 F = Experience gained in this place divided by the number of levels of this place that you have seen.
                   A       B       C       D       E      F
               +-------+-------+-------+-------+-------+----------------------
         Total | 100.0 | 100.0 |   N/A |   N/A | 100.0 | 767.7
       Dungeon |  97.9 |  97.9 |   N/A |   N/A |  85.6 | 803.4
         Abyss |   2.1 |   2.1 |   N/A |   N/A |  14.4 | 607.0
               +-------+-------+-------+-------+-------+----------------------

Table legend: (Time is in decaauts)
 A = Elapsed time spent in this place.
 B = Non-inter-level travel time spent in this place.
 C = Inter-level travel time spent in this place.
 D = Time resting spent in this place.
 E = Time spent auto-exploring this place.
 F = Levels seen in this place.
 G = Mean time per level.
                   A        B        C        D        E       F      G
               +--------+--------+--------+--------+--------+-----+--------+
         Total |   7930 |   7826 |    104 |    344 |   6100 |  11 |  720.9 |
       Dungeon |   7736 |   7632 |    104 |    344 |   6100 |   9 |  859.6 |
         Abyss |    194 |    194 |      0 |      0 |      0 |   2 |   97.0 |
               +--------+--------+--------+--------+--------+-----+--------+

Top non-repeatable levels by time:
     D:5: 1203 daAuts
     D:3: 1198 daAuts
     D:2: 1023 daAuts
     D:7: 932 daAuts
     D:4: 871 daAuts
     D:1: 803 daAuts
     D:6: 727 daAuts
     D:8: 665 daAuts
     D:9: 312 daAuts
 Abyss:3: 108 daAuts
 Abyss:2: 85 daAuts
